 Dungeon Crawl Stone Soup version 0.30-a0-782-ge64f9170bb (webtiles) character file.

Game seed: 2471904753561912918

14844 Raelden the Cleaver (level 11, -12/101 HPs)
             Began as a Minotaur Gladiator on Mar 17, 2023.
             Was an Initiate of Gozag.
             Killed by divine providence
             ... invoked by a sphinx
             ... summoned by Kirke
              (17 damage)
             ... on level 12 of the Dungeon.
             The game lasted 00:42:58 (13744 turns).

Raelden the Cleaver (Minotaur Gladiator)           Turns: 13744, Time: 00:42:59

Health: -12/101    AC:  0    Str: 21    XL:     11   Next: 94%
Magic:  10/10      EV: 31    Int:  5    God:    Gozag
Gold:   498        SH:  0    Dex: 14    Spells: 10/10 levels left

rFire   . . .      SeeInvis .    (weapon currently unavailable)
rCold   . . .      Faith    .    (shield currently unavailable)
rNeg    . . .      Spirit   .    (body armour currently unavailable)
rPois   .          Reflect  .    (helmet currently unavailable)
rElec   .          Harm     .    (cloak currently unavailable)
rCorr   .          Rampage  .    (gloves currently unavailable)
Will    .....                    (boots currently unavailable)
Stlth   ++                       j - amulet of the acrobat
HPRegen 0.36/turn                (ring currently unavailable)
MPRegen 0.12/turn                (ring currently unavailable)

@: pig-form, acrobatic, slowed
A: fast, no casting, small, (horns 2), (retaliatory headbutt)
a: Renounce Religion, Potion Petition, Call Merchant, Bribe Branch


You were on level 12 of the Dungeon.
You worshipped Gozag.
Gozag was aware of your devotion.
You were a filthy swine.
You visited 2 branches of the dungeon, and saw 14 of its levels.

You collected 1351 gold pieces.
You spent 724 gold pieces at shops.
You donated 14 gold pieces to Zin.
You paid 115 gold pieces to Gozag.

Inventory:

Hand Weapons
 b - a +2 dagger of venom
 e - a +1 sling of draining
 p - a +2 demon trident of draining (melded)
 r - a +0 flail of venom
 v - a +0 quarterstaff of freezing
 A - a +2 trident of venom
 B - a +2 spear of venom
 D - a +0 heavy glaive
 E - a +0 spear
 I - a +2 hand axe of venom
 V - a +3 dagger of speed
Missiles
 Q - 6 silver javelins
Armour
 c - a +0 hat (melded)
 w - a +1 robe of cold resistance
 y - a +1 pair of boots (melded)
 G - a +4 plate armour (melded)
 N - a +0 pair of gloves (melded)
Jewellery
 f - a ring of positive energy (melded)
 j - an amulet of the acrobat (around neck)
 q - a ring of ice
 F - a ring of resist corrosion
 L - a ring of poison resistance
 W - a +4 ring of slaying (melded)
Wands
 a - a wand of paralysis (8)
 z - a wand of iceblast (2)
Scrolls
 d - 9 scrolls of identify
 g - a scroll of blinking
 h - 6 scrolls of fear
 i - 6 scrolls of teleportation
 n - 3 scrolls of magic mapping
 J - a scroll of enchant armour
 K - 4 scrolls of immolation
 M - a scroll of amnesia {unknown}
Potions
 k - a potion of invisibility {unknown}
 l - 2 potions of lignification {unknown}
 m - a potion of brilliance {unknown}
 o - 2 potions of mutation {unknown}
 s - 2 potions of magic {unknown}
 t - 7 potions of degeneration {unknown}
 u - 4 potions of heal wounds {unknown}
 x - a potion of ambrosia {unknown}
 C - 2 potions of might {unknown}
 H - 5 potions of attraction {unknown}
 O - 3 potions of flight {unknown}
 P - 2 potions of berserk rage {unknown}
 S - 3 potions of resistance {unknown}


   Skills:
 + Level 10.4 Fighting
 + Level 5.4 Long Blades
 + Level 13.1(14.2) Axes
 + Level 1.9(8.7) Maces & Flails
 + Level 8.8(12.1) Polearms
 + Level 2.2 Throwing
 + Level 12.0 Armour
 + Level 4.6 Dodging
 + Level 1.7 Stealth
 + Level 0.7 Unarmed Combat


You had 10 spell levels left.
You didn't know any spells.
Your spell library contained the following spells:

 Spells                   Type           Power      Damage    Failure   Level
 Blade Hands              Tmut           0%         N/A       100%        5
 Freezing Cloud           Conj/Ice/Air   0%         6-21      100%        5
 Irradiate                Conj/Tmut      0%         3d11      100%        5
 Dragon Form              Tmut           0%         N/A       100%        7
 Polar Vortex             Ice            0%         N/A       100%        9
 Simulacrum               Ice/Necr       Unusable   N/A       N/A         6

Dungeon Overview and Level Annotations

Branches:
Dungeon (13/15)            Temple (1/1) D:6            Lair (0/5) D:11
    Orc (0/2) D:11
 Vaults: D:13-14

Altars:
Ashenzari
Cheibriados
Dithmenos
Elyvilon
Fedhas
Gozag
Hepliaklqana
Kikubaaqudgha
Makhleb
Nemelex Xobeh
Okawaru
Qazlal
Ru
Sif Muna
Trog
Uskayaw
Vehumet
Wu Jian
Xom
Yredelemnul
Zin
The Shining One

Shops:
D:2 :[[?   D:4 *   D:9 *=

Annotations:
D:12 1 runed translucent door, Kirke; nidavellir's ghost, journeyman HuFi


Innate Abilities, Weirdness & Mutations

You are a filthy swine.
You move quickly.
Your equipment is almost entirely melded.
You are incapable of wielding weapons or throwing items.
You cannot cast spells.
((You have a pair of horns on your head.))
((You reflexively headbutt those who attack you in melee.))


Message History

Kirke casts a spell.
Kirke summons a sphinx!
You hit Kirke.
Kirke is lightly wounded.
Kirke casts a spell at you.
You feel a momentary urge to oink. Kirke hits you!
You closely miss Kirke.
Kirke is lightly wounded.
Kirke mumbles some strange words.
Kirke barely misses you.
You bite Kirke!
Kirke is lightly wounded.
The sphinx barely misses you. The sphinx hits you. The sphinx misses you.
Kirke misses you.
You bite Kirke!
Kirke is lightly wounded.
The sphinx closely misses you.
The sphinx hits you. x2; Kirke hits you!
The sphinx hits you! The sphinx hits you. The sphinx hits you!
* * * LOW HITPOINT WARNING * * *
You are too injured to fight recklessly!
You are too injured to fight recklessly!
The sphinx attacks as you move away! The sphinx completely misses you.
The sphinx barely misses you. The sphinx hits you!
* * * LOW HITPOINT WARNING * * *
Kirke completely misses you. Kirke attacks as you move away!
Kirke closely misses you. The sphinx hits you!
* * * LOW HITPOINT WARNING * * *
The sphinx completely misses you. The sphinx closely misses you.
There is an open door here.
The sphinx mumbles some strange words.
You suddenly lose the ability to move!
The sphinx mumbles some strange words.
You shrug off the repeated paralysis!
The sphinx casts a spell.
You barely resist.
You can move again.
The sphinx casts a spell.
Something smites you!
You die...
Your body crumbles into a pile of gold.

.#W§ ##'## #####.##### ##.#.#
#### ##...## #.........###.##.# #
##.....## #.###.###.##.###.. #
##.......## #.#.#.# #.###.##..
####.........###.....###.##......
...'.........'.@.................
####.........###H....###.##.##...
#####.......## #.#.#.# #.##.##.#.
..# ##.....## #h###.###.##.##.##
#.# ##...## #.........##......
#.# ##'## #.###.###.#####.## #.#
#.# #.###.###.# #.# #.# #.#
#.........# #.## #.## ##.##
#####.##### #... ...# ##...## #.#
#### ##.# #.....#########.# #.#
##.....>........#


You could see Kirke and a sphinx (summoned).

Vanquished Creatures
  Fannar (D:10)
  A two-headed ogre (D:11)
  A boulder beetle (D:11)
  Pikel (D:9)
  A necromancer (D:10)
  An ugly thing (D:13)
  2 deep elf pyromancers (D:12)
  A cyclops (D:12)
  Joseph (D:7)
  Maggie (D:6)
  2 gargoyles (D:11)
  2 kobold demonologists (D:10)
  A troll (D:9)
  A hornet (D:10)
  A wyvern (D:9)
  2 shadows (D:10)
  2 wraiths (D:11)
  2 vampires
  3 hogs (D:12)
  7 yaks
  A steam dragon (D:9)
  3 vampire mosquitoes (D:11)
  4 water moccasins
  An acid dragon (D:9)
  Duvessa (D:4)
  2 orc warriors
  4 ice beasts
  7 black bears
  2 sky beasts
  An ogre (D:7)
  A centaur (D:7)
  4 lemures (D:9)
  A phantom (D:5)
  2 kobold brigands
  4 bullfrogs
  4 gnoll sergeants
  7 scorpions
  3 wights (D:8)
  Dowan (D:4)
  7 killer bees
  13 howler monkeys
  A hound (D:5)
  A jelly (D:7)
  12 orc priests
  2 iguanas
  7 orc wizards
  4 yak simulacra (D:10)
  3 polar bear simulacra (D:10)
  3 wolf simulacra (D:10)
  Robin (D:4)
  10 adders
  21 gnolls
  3 shadow imps
  2 white imps
  An ufetubus (D:6)
  3 worms
  A dart slug (D:1)
  24 orcs
  5 endoplasms
  6 giant cockroaches
  13 goblins
  12 hobgoblins
  4 jackals (D:1)
  21 kobolds
  8 quokkas
  13 ball pythons
  8 bats
  4 frilled lizards
  5 rats
  A river rat simulacrum (D:10)
  A spectral kobold (D:5)
  16 bushes
323 creatures vanquished.

Vanquished Creatures (others)
  40 fungi (D:11)
  39 plants (D:11)
79 creatures vanquished.

Grand Total: 402 creatures vanquished

Notes
Turn   | Place    | Note
-------+----------+-------------------------------------------
     0 | D:1      | Raelden the Minotaur Gladiator began the quest for the Orb.
     0 | D:1      | Reached XP level 1. HP: 18/18 MP: 0/0
   145 | D:1      | Reached XP level 2. HP: 17/25 MP: 1/1
   229 | D:1      | Reached XP level 3. HP: 21/30 MP: 2/2
   837 | D:2      | Reached XP level 4. HP: 36/38 MP: 3/3
   864 | D:2      | Found Usuvas's Antique Armour Shop.
   873 | D:2      | Found Xuego's Book Shop.
   923 | D:2      | Reached skill level 1 in Armour
  1054 | D:2      | Found Ihomyp's Antique Armour Shoppe.
  1104 | D:2      | Found Kikum's Magic Scroll Emporium.
  1612 | D:2      | Reached skill level 5 in Long Blades
  1921 | D:3      | Reached skill level 1 in Maces & Flails
  2263 | D:3      | Reached XP level 5. HP: 45/45 MP: 4/4
  3082 | D:4      | Noticed Robin
  3099 | D:4      | Reached skill level 1 in Axes
  3099 | D:4      | Reached XP level 6. HP: 35/51 MP: 5/5
  3101 | D:4      | Killed Robin
  3188 | D:4      | Found Neon's Assorted Antiques.
  3197 | D:4      | Bought a scroll of enchant armour for 217 gold pieces
  3210 | D:4      | Noticed Duvessa
  3211 | D:4      | Noticed Dowan
  3226 | D:4      | Killed Duvessa
  3227 | D:4      | Reached skill level 2 in Axes
  3241 | D:5      | Entered Level 5 of the Dungeon
  3244 | D:5      | Reached skill level 3 in Axes
  3244 | D:5      | Reached XP level 7. HP: 17/59 MP: 6/6
  3399 | D:4      | Killed Dowan
  3814 | D:4      | You fall into a shaft and drop 1 floor!
  3972 | D:5      | Reached skill level 5 in Armour
  3976 | D:5      | Reached skill level 4 in Axes
  4208 | D:5      | Reached skill level 5 in Axes
  4274 | D:5      | Found a hazy altar of Hepliaklqana.
  4401 | D:5      | Reached XP level 8. HP: 67/67 MP: 7/7
  4666 | D:6      | Reached skill level 5 in Fighting
  4784 | D:6      | Reached skill level 6 in Axes
  4842 | D:6      | Found a sparkling altar of Nemelex Xobeh.
  4968 | D:6      | Found a broken altar of Ashenzari.
  5049 | D:6      | Reached skill level 7 in Axes
  5082 | D:6      | Found a glowing drain.
  5085 | D:6      | Noticed Maggie
  5107 | D:6      | Killed Maggie
  5108 | D:6      | Reached skill level 8 in Axes
  5216 | D:6      | Found a stormy altar of Qazlal.
  5401 | D:6      | Found a staircase to the Ecumenical Temple.
  5420 | Temple   | Entered the Ecumenical Temple
  5556 | Temple   | Became a worshipper of Zin the Law-Giver
  5980 | D:7      | Reached XP level 9. HP: 56/75 MP: 8/8
  6067 | D:7      | Reached skill level 1 in Stealth
  6080 | D:7      | Noticed Joseph
  6100 | D:7      | Killed Joseph
  6101 | D:7      | Reached skill level 9 in Axes
  6465 | D:7      | Found a white marble altar of Elyvilon.
  7249 | D:8      | Found a radiant altar of Vehumet.
  7269 | D:8      | Found a sacrificial altar of Ru.
  7329 | D:8      | Found an opulent altar of Gozag.
  7414 | D:8      | Reached skill level 10 in Axes
  7451 | D:8      | Reached * piety under Zin
  8154 | D:8      | Fell from the grace of Zin
  8154 | D:8      | Became a worshipper of Gozag Ym Sagoz the Greedy
  8197 | D:9      | Noticed Pikel
  8215 | D:9      | Killed Pikel
  8216 | D:9      | Reached skill level 11 in Axes
  8216 | D:9      | Reached XP level 10. HP: 23/88 MP: 9/9
  8764 | D:9      | Found Domohyni's Desiderata Depot.
  8818 | D:9      | Found an iron altar of Okawaru.
  9040 | D:9      | Found a basalt altar of Yredelemnul.
  9098 | D:9      | Found Uscherum's Jewellery Boutique.
  9484 | D:10     | Entered Level 10 of the Dungeon
  9493 | D:10     | Reached skill level 10 in Armour
  9569 | D:10     | Reached skill level 12 in Axes
  9733 | D:10     | Found a bloodstained altar of Trog.
 10045 | D:10     | Noticed a necromancer
 10056 | D:10     | Killed a necromancer
 10382 | D:10     | Reached XP level 11. HP: 97/97 MP: 10/10
 10453 | D:9      | Bought a +2 demon trident of draining for 507 gold pieces
 10482 | D:10     | Found a snail-covered altar of Cheibriados.
 10580 | D:10     | Noticed Fannar
 10602 | D:10     | Killed Fannar
 10603 | D:10     | Reached skill level 13 in Axes
 10603 | D:10     | Reached skill level 1 in Polearms
 11375 | D:11     | Found a staircase to the Orcish Mines.
 11393 | D:11     | Noticed a boulder beetle
 11410 | D:11     | Killed a boulder beetle
 11422 | D:11     | Found a staircase to the Lair.
 11437 | D:11     | Reached skill level 5 in Polearms
 11473 | D:11     | Reached skill level 10 in Fighting
 12332 | D:11     | Noticed a two-headed ogre
 12336 | D:11     | Killed a two-headed ogre
 12540 | D:11     | You fall into a shaft and drop 2 floors!
 12566 | D:13     | Noticed a white ugly thing
 12572 | D:13     | Killed a white ugly thing
 12659 | D:12     | Found a runed translucent door.
 12659 | D:12     | Noticed nidavellir's ghost (journeyman HuFi)
 12659 | D:12     | Noticed a tengu warrior
 12737 | D:12     | Noticed Kirke
 12758 | D:12     | Noticed a lindwurm
 13126 | D:12     | Noticed a deep elf pyromancer
 13131 | D:12     | Killed a deep elf pyromancer
 13269 | D:12     | Noticed a deep elf pyromancer
 13282 | D:12     | Killed a deep elf pyromancer
 13731 | D:12     | Noticed a sphinx
 13737 | D:12     | HP: 2/101 [sphinx[Kirke] (12)]
 13741 | D:12     | Paralysed by a sphinx for 3 turns
 13744 | D:12     | Killed from afar by a sphinx

Illustrated notes

Levels and vault maps discovered:
D:1:      dpeg_arrival_concentric_ovals, layout_rooms
D:2:      minmay_chambers_of_twos, layout_loops_cross, serial_shops,
          shop_statue, nicolae_shop_crystal, shop, nicolae_shop_window_shopping
D:3:      layout_loops_corners, st_stairs_10
D:4:      layout_basic, serial_shops, shop, minmay_fractal_squares_gapless_5,
          uniq_robin, uniq_duvessa
D:5:      layout_basic, nicolae_hepliaklqana_monster_ancestors,
          hangedman_abyss_or_decor_stagger, minmay_strange_pillars
D:6:      cheibrodos_iron_armory, layout_basic,
          mainiacjoe_overflow_cross_hatched, mainiacjoe_overflow_catch_the_wave,
          minmay_temple_entry_hall, cheibrodos_sewer_entry_drain,
          nrook_loot_triangle, uniq_maggie
D:7:      layout_basic, elyvilon_altar_1, uniq_joseph
D:8:      layout_basic, nicolae_overflow_crystal_walls,
          mainiacjoe_overflow_concentric_impassable, lemuel_crystal_altar,
          roderic_roman_lattice, hangedman_decor_lopped
D:9:      layout_cave_pools, okawaru_ov_weapons_minmay, amcnicky_altar_gilded,
          serial_shops, kennysheep_mini, nicolae_alphabet_shops, uniq_pikel
D:10:     layout_roguey, lemuel_round_altar, overflow_temple_1_default,
          eino_house_with_fridge, uniq_fannar
D:11:     layout_stronghold, due_lair_maze_entry_diamond, orc_0_dummy,
          minmay_misc_feat_alley
D:12:     layout_loops_corners, ebering_ghost_inner_flame,
          grunt_decor_one_mirror, uniq_kirke
D:13:     layout_roguey
Temple:   nicolae_temple_two_arcs

Skill      XL: |  1  2  3  4  5  6  7  8  9 10 11 |
---------------+----------------------------------+-----
Long Blades    | 4 5 |  5.4
Fighting       | 3 4 6 8 9 10 | 10.4
Armour         | 2 3 4 5 6 9 10 12 | 12.0
Dodging        | 4 |  4.6
Maces & Flails | 1 |  1.9
Axes           | 1 3 5 8 11 12 13 | 13.1
Stealth        | 1 |  1.7
Polearms       | 8 |  8.8
Throwing       | |  2.2
Unarmed Combat | |  0.7

Action                     |  1- 3 |  4- 6 |  7- 9 | 10-12 || total
---------------------------+-------+-------+-------+-------++-------
  Melee: Long sword        |    42 |    25 |       |       ||    67
         Headbutt          |    10 |    28 |   147 |    83 ||   268
         Punch             |     2 |       |    10 |     5 ||    17
         Flail             |    17 |    17 |       |       ||    34
         Hand axe          |       |    83 |   562 |   174 ||   819
         Demon trident     |       |       |       |   228 ||   228
         Unarmed           |       |       |       |    24 ||    24
    Use: Scroll            |     3 |     5 |     5 |     4 ||    17
         Potion            |       |     3 |       |     3 ||     6
 Armour: Leather armour    |    13 |       |       |       ||    13
         Ring mail         |    13 |    14 |       |       ||    27
         Plate armour      |       |    39 |   166 |   245 ||   450
  Dodge: Dodged            |    59 |    75 |   139 |   149 ||   422

Table legend: (Time is in decaauts)
 A = Elapsed time spent in this place.
 B = Non-inter-level travel time spent in this place.
 C = Inter-level travel time spent in this place.
 D = Time resting spent in this place.
 E = Time spent auto-exploring this place.
 F = Levels seen in this place.
 G = Mean time per level.
                   A        B        C        D        E       F      G
               +--------+--------+--------+--------+--------+-----+--------+
         Total |  13620 |  13582 |     38 |      0 |   7844 |  14 |  972.9 |
       Dungeon |  13450 |  13412 |     38 |      0 |   7844 |  13 | 1034.6 |
        Temple |    170 |    170 |      0 |      0 |      0 |   1 |  170.0 |
               +--------+--------+--------+--------+--------+-----+--------+

Top non-repeatable levels by time:
    D:10: 1571 daAuts
    D:11: 1364 daAuts
     D:9: 1321 daAuts
     D:7: 1267 daAuts
     D:2: 1163 daAuts
     D:6: 1101 daAuts
     D:3: 1084 daAuts
     D:5: 985 daAuts
     D:8: 939 daAuts
    D:12: 891 daAuts
     D:1: 776 daAuts
     D:4: 696 daAuts
    D:13: 287 daAuts
  Temple: 170 daAuts
